Description

This is a Build of the Week featured on reddit.com/r/allthingsprotoss from about 2 months ago. So the build might be a little outdated as it was made on Patch 3.7

But, I still like it in today's Patch 3.8+ and wanted to get better so, here is the salt encoding!

Original post here https://www.reddit.com/r/allthingsprotoss/comments/5ani63/build_of_the_week_pvp_zests_dt_drop_into_3_base/

VOD

https://youtu.be/yaMx8Ig2hdA?t=1025

Build Order

Get SALT Encoding   

  14  0:18  Pylon  
  15  0:37  Gateway  
  16  0:48  Assimilator  
  17  0:54  Assimilator  
  19  1:08  Gateway  
  20  1:23  Cybernetics Core  
  21  1:34  Pylon  
  22  2:00  Warp Gate (Chrono Boost)  
  23  2:02  Adept x2  
  28  2:05  Mothership Core  
  29  2:12  Pylon  
  30  2:27  Stalker x2  cuts probe production
  33  2:55  Nexus  resume probe production
  33  3:19  Twilight Council  
  33  3:20  Sentry  
  35  3:34  Robotics Facility  
  35  3:43  Pylon  proxy for DT shrine
  35  3:45  Pylon  
  38  4:04  Dark Shrine  at the proxy pylon
  41  4:21  Warp Prism  
  45  4:48  Sentry  
  52  5:00  Assimilator x2  
  54  5:25  Dark Templar x2  into warp prism. don't let them die.
  62  5:37  Blink (Chrono Boost)  
  72  6:07  Gateway x5  
  74  6:30  Nexus  
Spawning Tool Build Advisor. Get it on Overwolf

Analysis

As stated in the reddit article, Zest doesn't let the DTs and Warp Prism die. They're later used for reinforcements and x1 archon.

In the VOD zest starts blink at 5:00 but then cancels and resumes at 5:37 inorder to get the DTs out earlier.

After the first DT warp-in, Zest begins to make Immortals.

Make contact with the opponent at 3rd base between 7:30-7:50 with x2 Immortals, x5 Sentries, x1 Archon, and about x12 Stalkers.

Go to:

Details

  • Created by: Noticals
  • Published on: Jan 20, 2017
  • Modified on: Jan 20, 2017
  • Patch: Pre-3.8.0
Show
View Real Time Build Order
Export as new Build Order

Comments (1)

On Jan. 20, 2017, 5:12 p.m., MorN  said:

nice build, thanks for putting it in :)

Create an account to comment!